 Dungeon Crawl Stone Soup version 0.27-a0-1502-g47ed6a6988 (webtiles) character file.

Game seed: 6895313752732663584

4375 robertstho the Thaumaturge (level 10, -4/69 HPs)
             Began as a Djinni Fire Elementalist on July 8, 2021.
             Was an Initiate of Gozag.
             Shot with a sling bullet by Joseph (18 damage)
             ... on level 7 of the Dungeon.
             The game lasted 00:11:55 (8900 turns).

robertstho the Thaumaturge (DjFE)                   Turns: 8900, Time: 00:11:55

Health: -4/69      AC:  3    Str:  7    XL:     10   Next: 60%
Gold:   539        EV: 13    Int: 21    God:    Gozag SH:  0 Dex: 13

rFire    + + .     SeeInvis .   d - +0 dagger (freeze)
rCold    x . .     Faith    .   (no shield)
rNeg     . . .     Spirit   .   a - +0 robe
rPois    ∞         Reflect  .   (no helmet)
rElec    .         Harm     .   (no cloak)
rCorr    .         Rampage  .   v - +0 pair of gloves
Will     +....                  (boots unavailable)
Stlth    ++........             (no amulet)
HPRegen  0.21/turn              (no ring)
MPRegen  0.00/turn              (no ring)

@: gold aura, flying
A: sickness immunity, fire resistance 2, cold vulnerability 1, float, innate
caster, hp casting, extra vitality 1
a: Renounce Religion, Potion Petition, Call Merchant, Bribe Branch


You were on level 7 of the Dungeon.
You worshipped Gozag.
Gozag was pleased with you.
You visited 2 branches of the dungeon, and saw 8 of its levels.

You collected 709 gold pieces.
You spent 90 gold pieces at shops.
You paid 80 gold pieces to Gozag.

Inventory:

Hand Weapons
 d - a +0 dagger of freezing (weapon)
Armour
 a - a +0 robe (worn)
 v - a +0 pair of gloves (worn)
Jewellery
 o - an amulet of faith
 w - an amulet of regeneration
Wands
 q - a wand of charming (8)
Scrolls
 b - 3 scrolls of teleportation {unknown}
 f - 3 scrolls of noise {unknown}
 h - a scroll of enchant weapon {unknown}
 i - a scroll of immolation {unknown}
 l - 7 scrolls of identify
 m - a scroll of blinking
 n - 3 scrolls of amnesia {unknown}
 s - a scroll of magic mapping {unknown}
 u - 2 scrolls of holy word
 x - a scroll of fear {unknown}
 y - a scroll of vulnerability {unknown}
 B - a scroll of acquirement {unknown}
Potions
 c - 2 potions of degeneration {unknown}
 e - a potion of curing
 g - a potion of resistance {unknown}
 j - 3 potions of magic {unknown}
 k - 3 potions of haste {unknown}
 p - a potion of might {unknown}
 r - a potion of heal wounds {unknown}
 t - a potion of attraction {unknown}
 z - 2 potions of flight {unknown}


   Skills:
 * Level 4.9 Fighting
 + Level 1.6 Short Blades
 + Level 4.4 Dodging
 + Level 3.2 Stealth
 * Level 10.2 Spellcasting


You had 5 spell levels left.
You knew the following spells:

 Your Spells              Type           Power      Damage    Failure   Level
a - Foxfire               Conj/Fire      100%       2x1d9     1%          1
b - Conjure Flame         Conj/Fire      52%        6-21      1%          3
c - Inner Flame           Hex/Fire       52%        N/A       1%          3
d - Sticky Flame          Conj/Fire      52%        2d7       1%          4
e - Fireball              Conj/Fire      26%        3d12      2%          5
f - Apportation           Tloc           100%       N/A       1%          1
g - Poisonous Vapours     Pois/Air       100%       N/A       1%          2
h - Passwall              Tmut/Erth      43%        N/A       1%          2
i - Call Canine Familiar  Summ           52%        N/A       1%          3
Your spell library was empty.

Dungeon Overview and Level Annotations

Branches:
Dungeon (7/15)             Temple (1/1) D:4

Altars:
Ashenzari
Cheibriados
Dithmenos
Fedhas
Gozag
Hepliaklqana
Kikubaaqudgha
Okawaru
Uskayaw
Wu Jian
Xom
Yredelemnul
Zin
The Shining One

Shops:
D:1 [

Annotations:
D:3 2 transporters, Nausicaa's ghost, amateur MiBe
D:5 1 runed translucent door, jejorda2's ghost, novice MfBe
D:7 2 runed translucent doors, Joseph


Innate Abilities, Weirdness & Mutations

You are immune to sickness and miasma.
You are immune to poison.
Your flesh is very heat resistant. (rF++)
You are vulnerable to cold. (rC-)
You float through the air rather than walking.
You learn spells naturally, not from books.
Your magical power is your life essence.
You have superior vitality. (+4 HP)


Message History

Aiming: Fireball (dangerous; 2% risk of failure)
Press: ? - help, Shift-Dir - straight line, f/p - orc warrior
Aim: an orc warrior, wielding a +0 battleaxe and wearing a +0 chain mail (heavily wounded)
The fireball explodes!
The fireball engulfs the orc warrior!
You kill the orc warrior!
The fireball engulfs the orc wizard!!
You kill the orc wizard!
The centaur shouts!
The centaur is no longer distracted by gold.
An iguana comes into view.
Joseph, a Mercenary comes into view.
He is wielding a +0 quarterstaff.
Joseph unwields a +0 quarterstaff.
Joseph wields a +4 hunting sling.
Joseph shoots a sling bullet.
The sling bullet hits you!!
Casting: Fireball (dangerous; 2% risk of failure)
Confirm with . or Enter, or press ? or * to list all spells.
Aiming: Fireball (dangerous; 2% risk of failure)
Press: ? - help, Shift-Dir - straight line The fireball explodes!
The fireball engulfs the iguana!
The iguana is almost dead.
Joseph shoots a sling bullet.
The sling bullet misses you.
Unknown command.
Casting: Fireball (dangerous; 2% risk of failure)
Confirm with . or Enter, or press ? or * to list all spells.
Aiming: Fireball (dangerous; 2% risk of failure)
Press: ? - help, Shift-Dir - straight line, f - iguana
Aim: an iguana (almost dead)
The fireball explodes!
The fireball engulfs the iguana!
You kill the iguana!
Unknown command.
You feel better.
A sky beast comes into view.
Joseph shoots a sling bullet.
The sling bullet hits you!!
* * * LOW HITPOINT WARNING * * *
You feel better.
It was a potion of cancellation.
You feel magically purged.
Joseph shoots a sling bullet.
The sling bullet hits you!
* * * LOW HITPOINT WARNING * * *
You feel better.
Joseph shoots a sling bullet.
The sling bullet hits you!!
You die...
Your body crumbles into a pile of gold.

........... ....
..........### ....
......@$.... .. ....
.....<.$$$. ... ....
........$Y ####
....#.............##8}[8
..................#8....
....... .......@.+c....
......####...##...+{....
.......##...# ##..#8....
.......#....#####.##8)|8
...................# ###
..........##...###+#
..........#...##
..(...........#
............#.#


You could see Joseph, a sky beast and a centaur.

Vanquished Creatures
  A two-headed ogre (D:7)
  Pikel (D:6)
  A cyclops (D:7)
  Prince Ribbit (D:7)
  Eustachio (D:6)
  A water moccasin (D:7)
  4 black bears
  An orc warrior (D:7)
  2 necrophages
  A centaur (D:6)
  6 ogres
  3 phantoms
  4 lemures
  Blork the orc (D:6)
  2 bullfrogs (D:7)
  A wyvern zombie (D:5)
  A water moccasin skeleton (D:5)
  3 jellies
  A hound (D:6)
  5 orc priests
  A bullfrog skeleton (D:6)
  A centaur skeleton (D:7)
  5 iguanas
  3 orc wizards (D:7)
  3 killer bee zombies
  6 adders
  3 gnolls (D:3)
  A shadow imp (D:4)
  An ufetubus (D:5)
  An adder skeleton (D:4)
  A worm (D:2)
  A dart slug (D:1)
  11 orcs
  6 bats
  9 endoplasms
  4 giant cockroaches
  8 goblins
  9 hobgoblins
  8 jackals
  8 kobolds
  2 quokkas (D:2)
  3 ball pythons
  4 frilled lizards
  4 rats
144 creatures vanquished.

Vanquished Creatures (others)
  559 foxfires
  3 plants (D:3)
562 creatures vanquished.

Grand Total: 706 creatures vanquished

Notes
Turn   | Place    | Note
-------+----------+-------------------------------------------
     0 | D:1      | robertstho the Djinni Fire Elementalist began the quest for
                  | the Orb.
     0 | D:1      | Reached XP level 1. HP: 15/15 MP: 0/0
   109 | D:1      | Found a faded altar of an unknown god.
   152 | D:1      | Reached skill level 1 in Fighting
   152 | D:1      | Reached XP level 2. HP: 11/22 MP: 0/0
   705 | D:1      | Reached XP level 3. HP: 15/27 MP: 0/0
   705 | D:1      | Learned a level 1 spell: Apportation
   860 | D:1      | Found Ohixu's Armour Shop.
   887 | D:1      | Reached skill level 3 in Spellcasting
  1839 | D:2      | Reached XP level 4. HP: 29/32 MP: 0/0
  2602 | D:3      | Reached skill level 4 in Spellcasting
  2602 | D:3      | Reached XP level 5. HP: 16/37 MP: 0/0
  2602 | D:3      | Learned a level 2 spell: Poisonous Vapours
  2808 | D:3      | Noticed an ogre
  2820 | D:3      | Killed an ogre
  2821 | D:3      | Reached XP level 6. HP: 28/43 MP: 0/0
  3113 | D:3      | Found a basalt altar of Yredelemnul.
  3180 | D:3      | Found a transporter.
  3227 | D:3      | Found a transporter.
  3252 | D:3      | Noticed Nausicaa's ghost (amateur MiBe)
  3423 | D:4      | Noticed an ogre
  3435 | D:4      | Killed an ogre
  3436 | D:4      | Reached skill level 5 in Spellcasting
  3436 | D:4      | Reached XP level 7. HP: 23/49 MP: 0/0
  3436 | D:4      | Learned a level 2 spell: Passwall
  4211 | D:4      | Reached skill level 6 in Spellcasting
  4377 | D:4      | Found a hazy altar of Hepliaklqana.
  4542 | D:4      | Found a staircase to the Ecumenical Temple.
  4620 | D:4      | Found Zin's Purification Station.
  4620 | D:4      | Found a glowing silver altar of Zin.
  4622 | D:4      | Identified the +7 short sword of Vujujuti {freeze, rC+ rN+
                  | Int-5}
  4638 | D:4      | Bought a potion of curing for 90 gold pieces
  4980 | Temple   | Entered the Ecumenical Temple
  4987 | Temple   | Became a worshipper of Gozag Ym Sagoz the Greedy
  5027 | D:5      | Entered Level 5 of the Dungeon
  5094 | D:5      | Reached XP level 8. HP: 50/55 MP: 0/0
  5466 | D:5      | Found a runed translucent door.
  5467 | D:5      | Noticed jejorda2's ghost (novice MfBe)
  5683 | D:5      | Reached skill level 7 in Spellcasting
  6342 | D:6      | Noticed Pikel
  6350 | D:6      | Noticed Blork the orc
  6357 | D:6      | Killed Pikel
  6358 | D:6      | Reached skill level 8 in Spellcasting
  6358 | D:6      | Reached XP level 9. HP: 45/61 MP: 0/0
  6358 | D:6      | Learned a level 3 spell: Call Canine Familiar
  6359 | D:6      | Killed Blork the orc
  7111 | D:6      | Noticed Eustachio
  7115 | D:6      | Killed Eustachio
  7199 | D:6      | Found an iron altar of Okawaru.
  7497 | D:6      | Reached skill level 9 in Spellcasting
  7691 | D:6      | Found a broken altar of Ashenzari.
  7871 | D:7      | Noticed Prince Ribbit
  7876 | D:7      | Killed Prince Ribbit
  7877 | D:7      | Reached skill level 1 in Short Blades
  7877 | D:7      | Reached XP level 10. HP: 51/67 MP: 0/0
  8534 | D:7      | Noticed a two-headed ogre
  8539 | D:7      | Killed a two-headed ogre
  8541 | D:7      | Noticed a cyclops
  8545 | D:7      | Killed a cyclops
  8546 | D:7      | Reached skill level 10 in Spellcasting
  8880 | D:7      | Found a large runed translucent door.
  8880 | D:7      | Found a large runed translucent door.
  8894 | D:7      | Noticed Joseph
  8900 | D:7      | Shot with a sling bullet by Joseph

Illustrated notes

Levels and vault maps discovered:
D:1:      minmay_arrival_checkered_box, layout_rooms, serial_shops,
          nicolae_diamond_shop, shapermc_ecumenical_altar_mp_ritualfount,
          minmay_tiny_reverse_x
D:2:      layout_rooms
D:3:      layout_basic, mainiacjoe_overflow_chevrons,
          gammafunk_ghost_gnarly_gnolls, kennysheep_generic_room_6
D:4:      layout_loops_ring, marbit_many_paths, zin_purify,
          minmay_temple_entry_enclosed_plants, minmay_misc_feat_five,
          minmay_misc_feat_x, grunt_decor_mini_mirrors
D:5:      layout_cave_pools, ebering_ghost_reflecting_pool
D:6:      layout_basic, kennysheep_mini_moat, mainiacjoe_overflow_boulevard,
          minmay_between, uniq_eustachio, uniq_blork_the_orc, uniq_pikel
D:7:      minmay_cornered_nines, layout_cave_pools,
          minmay_hollow_rounded_squares, uniq_joseph, uniq_prince_ribbit1
Temple:   nicolae_temple_x_marks_the_god

Skill      XL: |  1  2  3  4  5  6  7  8  9 10 |
---------------+-------------------------------+-----
Fighting       | 1 2 3 4 |  4.9
Spellcasting   | 3 4 5 6 8 9 10 | 10.2
Stealth        | 2 3 |  3.2
Dodging        | 4 |  4.4
Short Blades   | 1 |  1.6

Action                   |  1- 3 |  4- 6 |  7- 9 | 10-12 || total
-------------------------+-------+-------+-------+-------++-------
Melee: Dagger            |       |     2 |    22 |       ||    24
 Cast: Foxfire           |   106 |   103 |   138 |       ||   347
       Sticky Flame      |       |       |    14 |     2 ||    16
       Fireball          |       |       |    20 |    26 ||    46
       Conjure Flame     |       |       |       |     1 ||     1
  Use: Scroll            |     1 |       |     3 |     1 ||     5
       Potion            |       |       |       |     4 ||     4
Armor: Robe              |     3 |     8 |    13 |       ||    24
Dodge: Dodged            |     6 |    15 |    41 |     2 ||    64

Table legend: (Time is in decaauts)
 A = Elapsed time spent in this place.
 B = Non-inter-level travel time spent in this place.
 C = Inter-level travel time spent in this place.
 D = Time resting spent in this place.
 E = Time spent auto-exploring this place.
 F = Levels seen in this place.
 G = Mean time per level.
                   A        B        C        D        E       F      G
               +--------+--------+--------+--------+--------+-----+--------+
         Total |   8902 |   8638 |    264 |   1026 |   6745 |   8 | 1112.8 |
       Dungeon |   8888 |   8632 |    256 |   1026 |   6745 |   7 | 1269.7 |
        Temple |     14 |      7 |      7 |      0 |      0 |   1 |   14.0 |
               +--------+--------+--------+--------+--------+-----+--------+

Top non-repeatable levels by time:
     D:6: 2089 daAuts
     D:4: 1606 daAuts
     D:1: 1478 daAuts
     D:5: 1300 daAuts
     D:2: 1052 daAuts
     D:3: 873 daAuts
     D:7: 487 daAuts
  Temple: 14 daAuts
